 Dungeon Crawl Stone Soup version 0.23-a0-622-g59b4ea9 (webtiles) character file.

110 Gildeon the Ruffian (level 4, -2/36 HPs)
             Began as a Draconian Transmuter on Dec 23, 2018.
             Slain by an orc priest
             ... wielding a +0 short sword
              (3 damage)
             ... on level 3 of the Dungeon.
             The game lasted 00:09:27 (1636 turns).

Gildeon the Ruffian (Draconian Transmuter)          Turns: 1636, Time: 00:09:28

Health: -2/36      AC:  6    Str: 13    XL:     4   Next: 61%
Magic:  7/7        EV: 16    Int: 13    God:
Gold:   87         SH:  0    Dex: 12    Spells: 4/8 levels left

rFire    . . .     SeeInvis .     - Unarmed
rCold    . . .     Gourm    .   (no shield)
rNeg     . . .     Faith    .   (armour unavailable)
rPois    .         Spirit   .   (helmet restricted)
rElec    .         Reflect  .   e - +0 cloak
rCorr    .         Harm     .   (no gloves)
MR       .....                  (no boots)
Stlth    +.........             i - amulet of magic regeneration
HPRegen  0.12/turn              b - +4 ring of evasion
MPRegen  0.35/turn              d - ring of flight

@: no status effects
A: unfitting armour, cold-blooded, AC +5
a: Evoke Flight


You were on level 3 of the Dungeon.
You were not hungry.

You visited 1 branch of the dungeon, and saw 3 of its levels.

You collected 87 gold pieces.

Inventory:

Armour
 e - a +0 cloak (worn)
Jewellery
 b - a +4 ring of evasion (left hand)
 d - a ring of flight (right hand)
 i - an amulet of magic regeneration (around neck)
Scrolls
 g - a scroll of identify
Potions
 a - a potion of haste
 j - 2 potions of mutation {unknown}
Comestibles
 c - 6 rations
 f - 7 chunks of flesh


   Skills:
 + Level 2.3 Fighting
 + Level 2.5 Dodging
 + Level 3.5 Unarmed Combat
 + Level 2.6 Spellcasting
 + Level 2.8 Transmutations


You had 4 spell levels left.
You knew the following spells:

 Your Spells              Type           Power        Failure   Level  Hunger
a - Beastly Appendage     Tmut           #.....       8%          1    #......
b - Spider Form           Tmut/Pois      #.........   36%         3    ###....

Your spell library contained the following spells:

 Spells                   Type           Power        Failure   Level  Hunger
 Sticks to Snakes         Tmut           #.......     11%         2    ###....
 Ice Form                 Ice/Tmut       #.......     78%         4    #####..
 Blade Hands              Tmut           #.........   90%         5    ######.


Dungeon Overview and Level Annotations

Branches:
Dungeon (3/15)

Altars:


Innate Abilities, Weirdness & Mutations

Your plain brown scales are hard. (AC +5)
You cannot fit into any form of body armour.
You are cold-blooded and may be slowed by cold attacks.


Message History

A jackal comes into view.
The jackal barks!
You hit the orc.
You kill the orc!
The jackal completely misses you.
You hit the jackal.
You kill the jackal!
The orc priest invokes the aid of Beogh against you.
Beogh smites you!
* * * LOW HITPOINT WARNING * * *
The orc priest looks braver for a moment.
Items here: )) [[[ † You hit the orc priest.
The orc priest is moderately wounded.
The orc priest mumbles some strange prayers to Beogh against you.
You barely resist. You barely miss the orc priest.
The orc priest is moderately wounded.
The orc priest hits you with a +0 short sword.
You die...
K

... #. #.#
#.##########.#
#.........##.#
#.........##.# ####
#.#.........##.# ....
............##.##..###.
........(†(÷(@o).......
#.##....######.#.#.#.#.
#....##...........#
#######.###.#[#o..#
#.#.#.o.# ..#.# #.#
..#.# .# #.#.# . #.#


You could see an orc priest.

Vanquished Creatures
  An orc priest (D:3)
  3 adders
  An ooze (D:1)
  A leopard gecko (D:1)
  3 orcs (D:3)
  2 giant cockroaches (D:2)
  7 goblins
  4 hobgoblins
  4 jackals
  A quokka (D:2)
  4 bats
  2 frilled lizards
  6 kobolds
  4 rats
43 creatures vanquished.

Notes
Turn   | Place    | Note
-------+----------+-------------------------------------------
     0 | D:1      | Gildeon the Draconian Transmuter began the quest for the
                  | Orb.
     0 | D:1      | Reached XP level 1. HP: 16/16 MP: 3/3
   296 | D:1      | Reached XP level 2. HP: 11/23 MP: 3/5
  1074 | D:2      | Reached XP level 3. HP: 29/29 MP: 4/6
  1226 | D:2      | Learned a level 3 spell: Spider Form
  1586 | D:3      | Reached XP level 4. HP: 24/36 MP: 7/7
  1633 | D:3      | HP: 1/36 [orc priest/divine providence (14)]
  1636 | D:3      | Slain by an orc priest

Vault maps used:
D:1:      sevenhm_arrival_forest_fort_small_6
D:3:      gammafunk_ghost_arena, portal_sewer_entry_d, corexii_leaking_fountain,
          nicolae_tso_carved_into_rock

Skill      XL: |  1  2  3 |
---------------+----------+-----
Dodging        | 2 |  2.5
Fighting       | 2 |  2.3
Unarmed Combat | |  3.5
Spellcasting   | |  2.6
Transmutations | |  2.8

Action                   |  1- 3 |  4- 6 || total
-------------------------+-------+-------++-------
Melee: Unarmed           |   109 |    30 ||   139
       Kick              |     8 |     7 ||    15
       Tailslap          |     8 |     1 ||     9
       Headbutt          |     1 |       ||     1
       Punch             |     1 |       ||     1
 Cast: Beastly Appendage |    20 |     1 ||    21
  Use: Scroll            |     4 |       ||     4
  Eat: Chunk             |     3 |       ||     3
Armor: Skin              |    25 |     1 ||    26
Dodge: Dodged            |    92 |    19 ||   111

Table legend:
 A = Non-vault XP
 B = Vault XP
 C = Vault XP percentage of total XP
 D = Non-vault monster count
 E = Vault monster count
 F = Vault count percentage of total count
                 A         B        C        D         E       F
            +---------+---------+-------+---------+---------+-------
      Total |     158 |       0 |   0.0 |      43 |       0 |   0.0
            +---------+---------+-------+---------+---------+-------
        D:1 |      37 |       0 |   0.0 |      18 |       0 |   0.0
        D:2 |      50 |       0 |   0.0 |      16 |       0 |   0.0
        D:3 |      71 |       0 |   0.0 |       9 |       0 |   0.0
            +---------+---------+-------+---------+---------+-------
